[Event "1000GM Winter GM Norm-2 2024"]
[Site "Sunnyvale/"]
[Date "2024.01.03"]
[Round "1.1"]
[White "Wang, Isaac"]
[Black "Delgado Ramirez, Neuris"]
[Result "1-0"]
[ECO "D37"]
[WhiteElo "2316"]
[BlackElo "2517"]
[Annotator "TA"]
[PlyCount "47"]
[EventDate "2023.12.14"]
[EventType "schev"]
[EventCountry "USA"]
[SourceTitle "playchess.com"]
[Source "ChessBase"]
[SourceQuality "1"]
[TimeControl "5400+30"]

1. d4 Nf6 2. c4 e6 3. Nf3 d5 4. Nc3 a6 5. cxd5 exd5 6. Bg5 {[%emt 0:00:18] D37: Queen's Gambit Declined: 5 Bf4.} Be6 7. Bxf6 Qxf6 8. Qb3 {[%emt 0:00:09][%csl LRb7,LRd5] The position is equal.} b5 9. a4 $1 (9. Nxd5 $2 {perishes.} Qd8 10. Nxc7+ (10. e4 $2 c6 $19) 10... Qxc7 $19) 9... b4 10. Nxd5 Qd8 11. e4 c6 {[%emt 0:08:39] [#]} 12. Qe3 $1 cxd5 13. exd5 Qxd5 14. Rc1 $1 Be7 {[%emt 0:08:05] ...Qd8 would be deadly.} 15. Bd3 $1 {[%emt 0:00:00][%mdl 1024] White has compensation.} Qb7 {[%emt 0:11:34] And now ...Nd7 would win.} 16. Be4 $1 Qa7 17. Qf4 $1 {[%emt 0:00:00] Black must now prevent d5.} Nd7 {[%emt 0:00:45] [#] Threatens to win with ...Qb8.} 18. d5 $1 {[%emt 0:00:00] White has more active pieces. The black rooks are badly placed.} ({Not} 18. Rc7 Qb8 19. Bxa8 Bd8 $19) 18... g5 19. Nxg5 $16 Bxg5 20. Qxg5 Qd4 {[%emt 0:00:06] [#]} 21. O-O $1 {[%emt 0:00:00] [#]} f6 $146 (21... Qxe4 $16 {is a better chance.} 22. dxe6 fxe6) ({Predecessor:} 21... Qxe4 22. dxe6 fxe6 23. Rfe1 Qg6 24. Qd5 Ke7 25. Rc6 Rae8 26. Rcxe6+ Kd8 27. Qa8+ Kc7 28. Rc1+ {1-0 Sargsyan,S (2580)-Gholami,A (2554) Wch U18 Mumbai 2019 (9)}) 22. Qf4 {[%emt 0:00:00] White is clearly winning.} Bf7 (22... Bxd5 $2 23. Bg6+ hxg6 24. Qxd4) 23. Rfe1 {[%emt 0:00:00] Hoping for Bf5+.} Qxb2 (23... Kf8 $142 24. Qd6+ Kg7) 24. Bxh7+ {[%emt 0:00:00] Weighted Error Value: White=0.05 (flawless) /Black=0.43} 1-0

[Event "1000GM Winter GM Norm-2 2024"]
[Site "Sunnyvale/"]
[Date "2024.01.03"]
[Round "1.2"]
[White "Yang, Nathan Yi-Hsin"]
[Black "Xu, Yi"]
[Result "1/2-1/2"]
[ECO "C92"]
[WhiteElo "1477"]
[BlackElo "2511"]
[Annotator "TA"]
[PlyCount "61"]
[EventDate "2023.12.14"]
[EventType "schev"]
[EventCountry "USA"]
[SourceTitle "playchess.com"]
[Source "ChessBase"]
[SourceQuality "1"]
[TimeControl "5400+30"]

1. e4 e5 2. Nf3 Nc6 3. Bb5 a6 4. Ba4 Nf6 5. O-O Be7 6. Re1 b5 7. Bb3 O-O 8. c3 d6 9. h3 Bb7 10. d4 Re8 11. Ng5 Rf8 12. Nf3 Re8 13. Nbd2 Bf8 14. d5 Nb8 15. Nf1 Nbd7 16. N3h2 Nc5 17. Bc2 c6 18. b4 {[%emt 0:00:00] [#] Threatens to win with dxc6.} Ncd7 19. dxc6 Bxc6 20. Bg5 Qc7 21. Bxf6 Nxf6 22. Ng4 Nxg4 23. hxg4 a5 24. Ne3 {[%emt 0:00:00] The position is equal.} Rec8 25. Bb3 axb4 26. cxb4 Bxe4 27. Nd5 Bxd5 28. Bxd5 Ra3 29. Rc1 Rc3 30. Rxc3 Qxc3 31. Re3 {[%emt 0:00:00] Not much happened in this game.   Weighted Error Value: White=0.03 (flawless) /Black=0.05 (flawless)} 1/2-1/2

[Event "1000GM Winter GM Norm-2 2024"]
[Site "Sunnyvale/"]
[Date "2024.01.03"]
[Round "1.3"]
[White "Sheng, Joshua"]
[Black "Nathan, Nitish"]
[Result "1-0"]
[ECO "B32"]
[WhiteElo "2461"]
[BlackElo "2190"]
[Annotator "TA"]
[PlyCount "61"]
[EventDate "2023.12.14"]
[EventType "schev"]
[EventCountry "USA"]
[SourceTitle "playchess.com"]
[Source "ChessBase"]
[SourceQuality "1"]
[TimeControl "5400+30"]

1. e4 c5 2. Nf3 Nc6 3. d4 cxd4 4. Nxd4 e5 5. Nb5 d6 6. c4 Be7 {[%emt 0:00:35] 6...g6 deserves study.} 7. N5c3 {[%emt 0:00:39] B32: Sicilian: Löwenthal and Kalashnikov Variations.} Nf6 8. Bd3 O-O 9. O-O {[%emt 0:00:02] White has an edge.} Nd7 10. Nd5 Bg5 11. Nbc3 Bxc1 12. Rxc1 Nc5 13. Bb1 Ne6 14. b4 b6 {[%emt 0:03:37] [#]} 15. g3 $146 ({Predecessor:} 15. Qd2 Bb7 16. Rcd1 Re8 17. g3 a5 18. b5 Ncd4 19. f4 Nc5 20. Qf2 f6 21. Rd2 {½-½ Laine,J (2259)-Sutton,A (2235) SCO L1/2021 email}) 15... Ncd4 16. f4 f6 17. f5 Nc7 18. Nxc7 Qxc7 19. Nb5 Nxb5 (19... Qb8 $16 {was necessary.}) 20. cxb5 $18 ({Reject} 20. Qd5+ $6 Qf7 21. Qxf7+ (21. Qxa8 Bb7 $11) (21. cxb5 Qxd5 22. exd5 Bd7 $11) 21... Rxf7 $11) 20... Qb8 21. Qd5+ {[%emt 0:06:38] Black is weak on the light squares} Kh8 22. Rfd1 $36 {[%emt 0:00:14][%mdl 2048] White is really pushing. White is much more active. The black rooks are badly placed.} Rd8 23. g4 (23. Qf7 $16 Bd7 24. a3) 23... h6 $2 {[%emt 0:05:30][%mdl 8192] This costs Black the game.} (23... a6 $1 $11) 24. Qf7 {[%emt 0:03:59] White is clearly winning.} Bd7 {[%emt 0:01:36] [#]} 25. g5 $1 Bxb5 (25... Be8 26. Qf8+) 26. gxf6 Rg8 27. Rc7 Be8 {[%emt 0:04:06] [#]} 28. Qe7 ({Not} 28. fxg7+ Kh7 29. Qe7 Qxc7 30. Qxc7 Rxg7+ $16) 28... Bh5 29. Rxd6 Qf8 30. Kf2 (30. Rxa7 $2 {is the wrong capture.} Rxa7 31. Qxf8 Rxf8 $19) 30... Qxe7 31. Rxe7 {[%emt 0:00:04] Weighted Error Value: White=0.08 (flawless) /Black=0.32} 1-0

[Event "1000GM Winter GM Norm-2 2024"]
[Site "Sunnyvale/"]
[Date "2024.01.03"]
[Round "1.4"]
[White "Nagy, Gabor"]
[Black "Shivakumar, Shawnak"]
[Result "1/2-1/2"]
[ECO "D12"]
[WhiteElo "2450"]
[BlackElo "2307"]
[Annotator "RC"]
[PlyCount "81"]
[EventDate "2023.12.14"]
[EventType "schev"]
[EventCountry "USA"]
[SourceTitle "playchess.com"]
[Source "ChessBase"]
[SourceQuality "1"]
[TimeControl "5400+30"]

1. d4 d5 2. Nf3 Nf6 3. c4 c6 4. e3 Bf5 5. Nc3 e6 6. Nh4 Bg6 7. Bd2 Nbd7 8. Be2 Be7 9. O-O Qc7 10. g3 Ne4 11. Nxg6 Nxc3 12. bxc3 hxg6 13. cxd5 exd5 14. c4 Nf6 15. cxd5 Qd7 16. f3 cxd5 17. Rb1 O-O 18. Qb3 Rab8 19. Rfc1 Rfc8 20. Kg2 Rxc1 21. Rxc1 Rc8 22. Rxc8+ Qxc8 23. Bd3 Qd7 24. a4 g5 25. h3 g6 26. Be1 Bd8 27. Qb5 Qe7 28. Bf2 Bb6 29. Bc2 Qc7 30. Qd3 Qd7 31. e4 g4 32. hxg4 dxe4 33. fxe4 Nxg4 34. Bg1 Nf6 35. Bd1 Qc6 36. Bf3 Qxa4 37. e5 Qa2+ 38. Bf2 Nd7 39. Bxb7 Nxe5 40. Qe4 Nc4 41. Qf4 1/2-1/2

[Event "1000GM Winter GM Norm-2 2024"]
[Site "Sunnyvale/"]
[Date "2024.01.03"]
[Round "1.5"]
[White "Amburgy, Ryan"]
[Black "Lou, Yiping"]
[Result "1/2-1/2"]
[ECO "A30"]
[WhiteElo "2200"]
[BlackElo "2447"]
[Annotator "RC"]
[PlyCount "134"]
[EventDate "2023.12.14"]
[EventType "schev"]
[EventCountry "USA"]
[SourceTitle "playchess.com"]
[Source "ChessBase"]
[SourceQuality "1"]
[TimeControl "5400+30"]

1. Nf3 Nf6 2. c4 c5 3. Nc3 e6 4. g3 b6 5. Bg2 Bb7 6. O-O Be7 7. d4 cxd4 8. Qxd4 d6 9. Rd1 a6 10. Ng5 Bxg2 11. Kxg2 Nc6 12. Qf4 Qc7 13. b3 O-O 14. Ba3 Rad8 15. Rac1 Ne5 16. Nge4 Ne8 17. Qe3 Ng4 18. Qf4 Ne5 19. Qe3 Qb7 20. f3 b5 21. cxb5 axb5 22. Bb2 Nc7 23. Nf2 h6 24. Kg1 b4 25. Nce4 f6 26. f4 Nf7 27. Qf3 d5 28. Nc5 Bxc5 29. Rxc5 Nd6 30. Rdc1 Ncb5 31. Qd3 Rc8 32. f5 Rxc5 33. Rxc5 Qb6 34. Qc2 Nxf5 35. Rc6 Qe3 36. Qd3 Qxd3 37. Nxd3 Nbd4 38. Bxd4 Nxd4 39. Rb6 Nxe2+ 40. Kf2 Nc3 41. Nxb4 e5 42. a4 Ra8 43. Ke3 d4+ 44. Kd3 Rd8 45. Nc6 Rd7 46. Rb8+ Kh7 47. Kd2 Ne4+ 48. Kd1 d3 49. Rd8 Rc7 50. Nb4 Rb7 51. Nxd3 Rxb3 52. Kc2 Ra3 53. Nb2 Kg6 54. Rd3 Ra1 55. Rd1 Ra3 56. Rd3 Ra1 57. Rd1 Rxd1 58. Nxd1 Kf5 59. a5 Nc5 60. Kc3 Ke6 61. Kc4 Kd6 62. Kb5 e4 63. Ne3 g6 64. Nc4+ Kd5 65. Ne3+ Kd6 66. Nc4+ Kd5 67. Ne3+ Kd6 1/2-1/2

[Event "1000GM Winter GM Norm-2 2024"]
[Site "Sunnyvale/"]
[Date "2024.01.03"]
[Round "1.6"]
[White "Nagy, Gabor"]
[Black "Shivakumar, Shawnak"]
[Result "*"]
[ECO "D30"]
[WhiteElo "2450"]
[BlackElo "2307"]
[Annotator "RC"]
[PlyCount "20"]
[EventDate "2023.12.14"]
[EventType "schev"]
[EventCountry "USA"]
[SourceTitle "playchess.com"]
[Source "ChessBase"]
[SourceQuality "1"]
[TimeControl "5400+30"]

1. d4 d5 2. c4 e6 3. Nf3 a6 4. Bg5 Be7 5. Bxe7 Nxe7 6. Nbd2 O-O 7. g3 Nd7 8. Bg2 b6 9. O-O Bb7 10. Rc1 c5 *

[Event "1000GM Winter GM Norm-2 2024"]
[Site "Sunnyvale/"]
[Date "2024.01.03"]
[Round "1.6"]
[White "Rajaram, Rohan"]
[Black "Galyas, Miklos"]
[Result "1/2-1/2"]
[ECO "D30"]
[WhiteElo "2151"]
[BlackElo "2423"]
[Annotator "RC"]
[PlyCount "44"]
[EventDate "2023.12.14"]
[EventType "schev"]
[EventCountry "USA"]
[SourceTitle "playchess.com"]
[Source "ChessBase"]
[SourceQuality "1"]
[TimeControl "5400+30"]

1. d4 d5 2. c4 e6 3. Nf3 a6 4. Bg5 Be7 5. Bxe7 Nxe7 6. Nbd2 O-O 7. g3 Nd7 8. Bg2 b6 9. O-O Bb7 10. Rc1 c5 11. e3 Rc8 12. Qe2 dxc4 13. Nxc4 cxd4 14. Nxd4 Bxg2 15. Kxg2 b5 16. Nd2 Ne5 17. N2f3 N7g6 18. a4 Nxf3 19. Nxf3 bxa4 20. Qxa6 Ra8 21. Qe2 Qb6 22. Rc4 a3 1/2-1/2

[Event "1000GM Winter GM Norm-2 2024"]
[Site "Sunnyvale/"]
[Date "2024.01.03"]
[Round "1.7"]
[White "Miezis, Normunds"]
[Black "Liu, Eric"]
[Result "0-1"]
[ECO "A36"]
[WhiteElo "2419"]
[BlackElo "2332"]
[Annotator "RC"]
[PlyCount "92"]
[EventDate "2023.12.14"]
[EventType "schev"]
[EventCountry "USA"]
[SourceTitle "playchess.com"]
[Source "ChessBase"]
[SourceQuality "1"]
[TimeControl "5400+30"]

1. c4 c5 2. Nc3 Nc6 3. g3 g6 4. Bg2 Bg7 5. a3 e6 6. e4 Nge7 7. Nge2 O-O 8. O-O d6 9. d3 Rb8 10. Rb1 Nd4 11. b4 b6 12. bxc5 Nxe2+ 13. Nxe2 dxc5 14. Bf4 Rb7 15. e5 Rd7 16. Nc3 Rxd3 17. Qc2 Nf5 18. Ne4 Rxa3 19. Rfd1 Nd4 20. Qb2 Ra4 21. Bg5 Qc7 22. f4 Rxc4 23. Rbc1 Rxc1 24. Rxc1 Qd7 25. Ra1 Nf5 26. g4 Ne3 27. Bf3 Qd3 28. Nf2 Qd7 29. Ne4 Bb7 30. Nxc5 bxc5 31. Bxb7 h6 32. Bf6 Nc4 33. Qc3 Qxb7 34. Qxc4 Qf3 35. g5 Bxf6 36. gxf6 Rd8 37. Qf1 Qg4+ 38. Kh1 Rd2 39. Re1 c4 40. Re3 Rd1 41. Re1 Rxe1 42. Qxe1 Qf3+ 43. Kg1 c3 44. Qc1 Qd3 45. Qa3 Qb1+ 46. Kf2 Qb2+ 0-1

[Event "1000GM Winter GM Norm-2 2024"]
[Site "Sunnyvale/"]
[Date "2024.01.03"]
[Round "1.8"]
[White "Figueredo Losada, Leonel"]
[Black "Sathish, Pranav"]
[Result "1/2-1/2"]
[ECO "C67"]
[WhiteElo "2381"]
[BlackElo "2357"]
[Annotator "RC"]
[PlyCount "50"]
[EventDate "2023.12.14"]
[EventType "schev"]
[EventCountry "USA"]
[SourceTitle "playchess.com"]
[Source "ChessBase"]
[SourceQuality "1"]
[TimeControl "5400+30"]

1. e4 e5 2. Nf3 Nc6 3. Bb5 Nf6 4. O-O Nxe4 5. Re1 Nd6 6. Nxe5 Be7 7. Bf1 Nxe5 8. Rxe5 O-O 9. d4 Bf6 10. Re1 Re8 11. Bf4 Rxe1 12. Qxe1 Ne8 13. Nc3 Bxd4 14. Nd5 c6 15. Ne7+ Kf8 16. Nxc8 Qf6 17. Bg3 Rxc8 18. Qb4+ d6 19. Qxb7 Rc7 20. Qa8 Bxb2 21. Re1 Be5 22. Re3 Qe6 23. Bxe5 dxe5 24. Ra3 e4 25. Rxa7 Rc8 1/2-1/2

[Event "1000GM Winter GM Norm-2 2024"]
[Site "Sunnyvale/"]
[Date "2024.01.03"]
[Round "1.9"]
[White "Guo, Andrew"]
[Black "Mosquera, Miguel"]
[Result "1/2-1/2"]
[ECO "D11"]
[WhiteElo "2255"]
[BlackElo "2365"]
[Annotator "RC"]
[PlyCount "43"]
[EventDate "2023.12.14"]
[EventType "schev"]
[EventCountry "USA"]
[SourceTitle "playchess.com"]
[Source "ChessBase"]
[SourceQuality "1"]
[TimeControl "5400+30"]

1. d4 d5 2. Nf3 Nf6 3. c4 c6 4. Nbd2 Bf5 5. Nh4 Be4 6. Qb3 Qc7 7. Nxe4 Nxe4 8. Nf3 e6 9. Nd2 Nf6 10. g3 Nbd7 11. Bg2 Be7 12. O-O O-O 13. Qc2 Rac8 14. b3 c5 15. dxc5 Bxc5 16. Bb2 b5 17. Rac1 bxc4 18. bxc4 Ne5 19. e3 Bb4 20. Bxe5 Qxe5 21. Nf3 Qb8 22. Qb3 1/2-1/2

[Event "1000GM Winter GM Norm-2 2024"]
[Site "Sunnyvale/"]
[Date "2024.01.03"]
[Round "2.1"]
[White "Xu, Yi"]
[Black "Rajaram, Rohan"]
[Result "1-0"]
[ECO "B20"]
[WhiteElo "2511"]
[BlackElo "2151"]
[Annotator "TA"]
[PlyCount "109"]
[EventDate "2023.12.14"]
[EventType "schev"]
[EventCountry "USA"]
[SourceTitle "playchess.com"]
[Source "ChessBase"]
[SourceQuality "1"]
[TimeControl "5400+30"]

1. e4 c5 2. Ne2 d6 3. g3 Nf6 4. Bg2 e6 5. c3 Be7 6. d4 {[%emt 0:00:08] B20: Sicilian: Unusual White 2nd moves.} O-O 7. O-O Nc6 8. h3 {[%emt 0:00:47] White is slightly better.} Qc7 9. Be3 {[%emt 0:01:08] [#]} Rd8 $146 ({Predecessor:} 9... b6 10. Nd2 Bb7 11. f4 Rad8 12. Kh2 Na5 13. Rc1 d5 14. e5 Ne4 15. Nxe4 dxe4 {0-1 Antolak,J (2306)-Tsolakidou,S (2379) FIDE World Uni (Women) 1st blitz 2021 (1)}) 10. Nd2 b6 11. f4 cxd4 12. cxd4 Bb7 13. Rc1 Qd7 14. Kh2 Rac8 15. a3 Ba6 16. Re1 Rc7 (16... d5 $11) 17. d5 $16 Na5 18. Rxc7 Qxc7 19. Nd4 Qd7 20. b4 Nc4 21. Nxc4 Bxc4 22. Nc6 $36 {[%emt 0:00:15][%mdl 2048] Keeping Black busy.} Re8 23. a4 {[%emt 0:00:47] White is much more active.} exd5 24. exd5 Bf8 25. b5 ({White should play} 25. g4 $16 {Black must now prevent g5.} b5 26. axb5 (26. Nxa7 Rxe3 {[%mdl 64] Remove Defender} 27. Rxe3 Qxa7 $17) 26... Bxb5 27. g5 (27. Nxa7 $2 Rxe3 {[%mdl 64] Remove Defender} 28. Rxe3 Qxa7 $17)) 25... h5 $2 {[%emt 0:05:13][%mdl 8192] [#] This move loses the game for Black.} (25... Qf5 $1 $14) 26. Qd4 $18 Ba2 27. Qd3 {[%emt 0:03:59] Against Qf5} h4 28. gxh4 {[%emt 0:01:05] aiming for Re2.} g6 29. Nb4 Nh5 30. Nxa2 Bh6 31. Rf1 Qe7 32. Bd2 Qxh4 33. Qf3 Nf6 34. Nc3 Kh7 35. Qg3 Qh5 36. Re1 Rxe1 37. Qxe1 Qf5 38. Kg1 Nh5 39. Qe4 Bxf4 (39... Qd7 $142 40. Qc4 Ng3) 40. Qxf5 gxf5 41. Bxf4 Nxf4 42. Kf2 Kg6 43. Kf3 Nxg2 44. Kxg2 {[%emt 0:00:09][%mdl 4096] Endgame KN-KP} Kg5 45. Kf3 {[%emt 0:00:09] [#] Intending Nd1 and mate.} Kg6 46. Kf4 {[%emt 0:00:13] White wants to mate with Nd1.} Kf6 47. Ne2 {[%emt 0:00:07] White mates.} Kg6 48. Nd4 Kf6 49. Nc6 Kg6 50. Nxa7 Kf6 51. Nc8 Kg6 52. Nxb6 Kf6 53. a5 Kg6 54. a6 Kf6 55. a7 {[%emt 0:00:06] Weighted Error Value: White=0.13 (very precise) /Black=0.47} 1-0

[Event "1000GM Winter GM Norm-2 2024"]
[Site "Sunnyvale/"]
[Date "2024.01.03"]
[Round "2.3"]
[White "Lou, Yiping"]
[Black "Wang, Isaac"]
[Result "1/2-1/2"]
[ECO "B42"]
[WhiteElo "2447"]
[BlackElo "2316"]
[Annotator "RC"]
[PlyCount "73"]
[EventDate "2023.12.14"]
[EventType "schev"]
[EventCountry "USA"]
[SourceTitle "playchess.com"]
[Source "ChessBase"]
[SourceQuality "1"]
[TimeControl "5400+30"]

1. e4 c5 2. Nf3 e6 3. d4 cxd4 4. Nxd4 a6 5. Bd3 Bc5 6. Nb3 Ba7 7. Qe2 Nc6 8. Be3 d6 9. O-O Nge7 10. c4 O-O 11. Nc3 e5 12. Bxa7 Rxa7 13. Qe3 Be6 14. Rfd1 Qb8 15. Rd2 b6 16. Rad1 Rd8 17. Bf1 h6 18. g3 Rb7 19. Nd5 a5 20. Nc3 Nb4 21. a3 Na6 22. Na1 Rbd7 23. Nd5 Bxd5 24. cxd5 Ra7 25. Rc1 a4 26. Bxa6 Rxa6 27. Rdc2 Ra5 28. Rc4 Rc8 29. Rxc8+ Nxc8 30. Nc2 Rc5 31. Nb4 Qc7 32. Nc6 Na7 33. Rxc5 bxc5 34. Nxa7 Qxa7 35. b4 axb3 36. Qxb3 Qa5 37. Kg2 1/2-1/2

[Event "1000GM Winter GM Norm-2 2024"]
[Site "Sunnyvale/"]
[Date "2024.01.03"]
[Round "2.4"]
[White "Mosquera, Miguel"]
[Black "Amburgy, Ryan"]
[Result "1/2-1/2"]
[ECO "C84"]
[WhiteElo "2365"]
[BlackElo "2200"]
[Annotator "RC"]
[PlyCount "102"]
[EventDate "2023.12.14"]
[EventType "schev"]
[EventCountry "USA"]
[SourceTitle "playchess.com"]
[Source "ChessBase"]
[SourceQuality "1"]
[TimeControl "5400+30"]

1. e4 e5 2. Nf3 Nc6 3. Bb5 a6 4. Ba4 Nf6 5. d4 exd4 6. e5 Ne4 7. O-O Be7 8. Nxd4 O-O 9. Re1 Nxd4 10. Qxd4 d5 11. exd6 Nxd6 12. Nc3 Bf6 13. Qd3 Be6 14. Nd5 Bxd5 15. Qxd5 c6 16. Qd1 Qa5 17. c3 Rad8 18. Bb3 Nf5 19. Qe2 g6 20. Bf4 Rd7 21. Rad1 Re7 22. Qc4 Rd8 23. h3 Rxd1 24. Rxd1 Ng7 25. Bd6 Rd7 26. Bb4 Rxd1+ 27. Bxd1 Qe5 28. Qe2 Ne6 29. g3 Qf5 30. Qf3 Qe5 31. Qe2 Qf5 32. Qf3 Qe5 33. Kg2 Bd8 34. Bb3 Bb6 35. h4 Kg7 36. Be7 h5 37. Kf1 Bc5 38. Bxc5 Qxc5 39. Ke2 Qb5+ 40. Qd3 Qe5+ 41. Qe3 Qf5 42. Bxe6 Qb5+ 43. Kf3 fxe6 44. Qxe6 Qxb2 45. Qe7+ Kg8 46. Qe8+ Kg7 47. Qe7+ Kg8 48. Qe8+ Kg7 49. Qe7+ Kg8 50. Qf6 Qxa2 51. Qxg6+ Kf8 1/2-1/2

[Event "1000GM Winter GM Norm-2 2024"]
[Site "Sunnyvale/"]
[Date "2024.01.03"]
[Round "2.5"]
[White "Guo, Andrew"]
[Black "Nagy, Gabor"]
[Result "1/2-1/2"]
[ECO "E62"]
[WhiteElo "2255"]
[BlackElo "2450"]
[Annotator "RC"]
[PlyCount "41"]
[EventDate "2023.12.14"]
[EventType "schev"]
[EventCountry "USA"]
[SourceTitle "playchess.com"]
[Source "ChessBase"]
[SourceQuality "1"]
[TimeControl "5400+30"]

1. d4 Nf6 2. c4 g6 3. Nf3 Bg7 4. g3 O-O 5. Bg2 d6 6. Nc3 c6 7. e4 Bg4 8. h3 Bxf3 9. Bxf3 Nbd7 10. O-O a6 11. Be3 Rc8 12. Qb3 Qc7 13. Rfd1 c5 14. d5 e6 15. dxe6 fxe6 16. Bf4 Ne5 17. Bxe5 dxe5 18. Na4 Rfd8 19. Nb6 Rb8 20. a4 Bf8 21. a5 1/2-1/2

[Event "1000GM Winter GM Norm-2 2024"]
[Site "Sunnyvale/"]
[Date "2024.01.03"]
[Round "2.6"]
[White "Shivakumar, Shawnak"]
[Black "Miezis, Normunds"]
[Result "1/2-1/2"]
[ECO "B42"]
[WhiteElo "2307"]
[BlackElo "2419"]
[Annotator "RC"]
[PlyCount "47"]
[EventDate "2023.12.14"]
[EventType "schev"]
[EventCountry "USA"]
[SourceTitle "playchess.com"]
[Source "ChessBase"]
[SourceQuality "1"]
[TimeControl "5400+30"]

1. e4 c5 2. Nf3 e6 3. d4 cxd4 4. Nxd4 a6 5. Bd3 g6 6. O-O Bg7 7. Be3 Nc6 8. Nxc6 bxc6 9. c4 Ne7 10. c5 O-O 11. Nd2 f5 12. f3 f4 13. Bf2 g5 14. Nc4 Ng6 15. Be2 a5 16. Nb6 Ra7 17. Qd2 Qf6 18. Rab1 h5 19. Rfd1 g4 20. fxg4 hxg4 21. Bxg4 Qg5 22. Bf3 Ne5 23. Kh1 Kf7 24. Bg1 1/2-1/2

[Event "1000GM Winter GM Norm-2 2024"]
[Site "Sunnyvale/"]
[Date "2024.01.03"]
[Round "2.7"]
[White "Liu, Eric"]
[Black "Figueredo Losada, Leonel"]
[Result "1-0"]
[ECO "B80"]
[WhiteElo "2332"]
[BlackElo "2381"]
[Annotator "RC"]
[PlyCount "36"]
[EventDate "2023.12.14"]
[EventType "schev"]
[EventCountry "USA"]
[SourceTitle "playchess.com"]
[Source "ChessBase"]
[SourceQuality "1"]
[TimeControl "5400+30"]

1. e4 c5 2. Nf3 d6 3. d4 cxd4 4. Nxd4 Nf6 5. Nc3 a6 6. Be3 e6 7. a3 Nbd7 8. g4 h6 9. h4 b5 10. Rg1 g6 11. g5 hxg5 12. hxg5 Nh5 13. Qd2 Qc7 14. O-O-O Nb6 15. Ndxb5 axb5 16. Nxb5 Qc6 17. Qd4 Rb8 18. Qxh8 Kd7 1-0

[Event "1000GM Winter GM Norm-2 2024"]
[Site "Sunnyvale/"]
[Date "2024.01.03"]
[Round "2.8"]
[White "Sathish, Pranav"]
[Black "Sheng, Joshua"]
[Result "1-0"]
[ECO "B40"]
[WhiteElo "2357"]
[BlackElo "2461"]
[Annotator "TA"]
[PlyCount "69"]
[EventDate "2023.12.14"]
[EventType "schev"]
[EventCountry "USA"]
[SourceTitle "playchess.com"]
[Source "ChessBase"]
[SourceQuality "1"]
[TimeControl "5400+30"]

1. e4 c5 2. Nf3 e6 3. b3 a6 4. Bb2 Nc6 5. c4 Nf6 6. e5 {[%emt 0:00:50] B40: Sicilian: 2...e6, Unusual lines.} Ng4 7. h3 Nh6 8. Nc3 {[%emt 0:00:58][%cal Bb1c3,Bc3e4,Be4d6][%mdl 32] The position is equal.} d6 9. exd6 {[%emt 0:08:33] [#]} e5 $146 ({Predecessor:} 9... Bxd6 10. Ne4 f6 11. d4 cxd4 12. Nxd6+ Qxd6 13. Nxd4 O-O 14. Nxc6 Qxc6 15. Qd3 e5 {½-½ Efroimski,M (2439)-Avramidou,A (2321) Eindhoven Dutch (Women) Top 10 op 2023 (9)}) 10. Nxe5 Nxe5 11. Qe2 Bxd6 {[%emt 0:00:08] Strongly threatening ...0-0.} (11... Qxd6 12. Nd5 (12. f4 Be7 $16) 12... f6 13. f4 $16) 12. Ne4 O-O {[%emt 0:02:44] And now ...Nc6 would win.} (12... f6 13. Nxd6+ (13. f4 O-O $11) 13... Qxd6 14. f4 $11) 13. Nxd6 Ng6 14. Qd3 Qe7+ {[%emt 0:00:05][%mdl 1024] Black has compensation.} 15. Kd1 Be6 (15... Bd7 $17) 16. Ne4 $1 $15 Rad8 (16... Nf5 $15) 17. Qe3 $36 {[%emt 0:04:43][%mdl 2048] White has some pressure.} Nf5 18. Qxc5 Qd7 (18... Nd6 $1 $14 19. Nxd6 (19. Qd4 f5 $16) 19... Rxd6) 19. Kc2 (19. Qb6 $16) 19... b5 $14 {[%emt 0:03:01] ...Rc8 would be deadly.} 20. d3 (20. cxb5 $2 Rc8 21. Bc3 Rxc5 22. Nxc5 Qa7 23. Nxe6 fxe6 24. bxa6 Qxf2 $19) 20... Nf4 {[%emt 0:11:33] [#]} (20... Kh8 $14) 21. Bxg7 $1 Kxg7 $16 22. Qe5+ f6 23. Qxf4 Qd4 (23... Nd4+ $16 {keeps fighting.} 24. Kb2 Qe7) 24. Re1 $18 a5 {[%emt 0:06:04] [#]} (24... Kh8 $142 25. f3 Qb6) 25. g4 $1 (25. cxb5 a4 26. Kb1 axb3 27. axb3 Ra8 28. Qc7+ Rf7 $19) 25... bxc4 26. dxc4 (26. gxf5 cxb3+ 27. axb3 Bd5 $18) 26... a4 $2 (26... Nh4 27. Qe3 (27. Kb1 Bf7 $11) 27... Bf7 28. Qxd4 Rxd4) 27. Qc7+ $2 ({Only move:} 27. gxf5 $18 a3 28. Rb1 (28. fxe6 $2 Qb2#)) 27... Rf7 $2 (27... Kh8 $1 $11 28. Qa5 (28. gxf5 axb3+ 29. axb3 Ra8 30. Rb1 Bxf5 31. b4 Bxe4+ 32. Kb3 Bxb1) 28... Nd6 29. Nxd6 axb3+ 30. axb3 (30. Kxb3 Rxd6 31. Kc2 Bd7 $19) 30... Ra8) 28. Qc5 axb3+ 29. axb3 Qd7 $2 (29... Ne3+ 30. Rxe3 Qd1+ 31. Kb2 Rd2+ 32. Nxd2 Qxd2+ 33. Ka3 Qc1+ 34. Ka4 Qa1+ 35. Kb4 (35. Kb5 Rb7+ $11) 35... Rb7+ 36. Qb5 Rxb5+ 37. cxb5 Bf7) 30. gxf5 {[%emt 0:01:06] White is clearly winning.} Bxf5 {[%emt 0:00:03] [#] ( -> ...Qd2+)} 31. Qd5 {[%emt 0:04:58] Repels Qd2+} Qc8 (31... Qxd5 32. cxd5) 32. Rg1+ Kf8 33. Qb5 Rb7 34. Qa5 ({Not} 34. Qa6 Bxe4+ 35. Kc1 (35. Rxe4 Rd2+ {[%mdl 64] Double Attack} 36. Kc1 Rd1+ 37. Kc2 Rd2+ {[%mdl 64] Double Attack} 38. Kc1 Rd1+ 39. Kc2 Rd2+ $11 {[%mdl 64] Decoy, Double Attack}) 35... Qf5 36. Rxe4 Qxf2 37. Qa3+ (37. Qxb7 Qd2+ 38. Kb1 Qd1+ 39. Kb2 Qd2+ 40. Kb1 Qd1+ 41. Kb2 Qd2+ 42. Kb1 $11) 37... Kf7 $16) 34... Qd7 35. Qc5+ {[%emt 0:00:08] Ingenious play by Sathish!   Weighted Error Value: White=0.29 (precise) /Black=0.62} 1-0